Workbook

Sheet Clientes
A1: nombre | B1: telefono | C1: email | D1: saldo | E1: estatus
A2: Reformas Ébano S.L. | B2: +34 612 345 678 | C2: administracion@ejemplo.com | D2: =IF(A2="","",SUMIF(Facturas!$B$2:$B$301,A2,Facturas!$I$2:$I$301)) | E2: =IF(A2="","",IF(SUMIFS(Facturas!$I$2:$I$301,Facturas!$B$2:$B$301,A2,Facturas!$J$2:$J$301,">0")>0,"vencido","activo"))
A3: Clínica Dental Arce | B3: +34 623 456 789 | C3: pagos.arce@ejemplo.com | D3: =IF(A3="","",SUMIF(Facturas!$B$2:$B$301,A3,Facturas!$I$2:$I$301)) | E3: =IF(A3="","",IF(SUMIFS(Facturas!$I$2:$I$301,Facturas!$B$2:$B$301,A3,Facturas!$J$2:$J$301,">0")>0,"vencido","activo"))
A4: Hostal Las Dunas | B4: +34 634 567 890 | C4: reservas.dunas@ejemplo.com | D4: =IF(A4="","",SUMIF(Facturas!$B$2:$B$301,A4,Facturas!$I$2:$I$301)) | E4: =IF(A4="","",IF(SUMIFS(Facturas!$I$2:$I$301,Facturas!$B$2:$B$301,A4,Facturas!$J$2:$J$301,">0")>0,"vencido","activo"))
A5: Lucía Prieto Gómez | B5: +34 645 678 901 | C5: lucia.prieto@ejemplo.com | D5: =IF(A5="","",SUMIF(Facturas!$B$2:$B$301,A5,Facturas!$I$2:$I$301)) | E5: =IF(A5="","",IF(SUMIFS(Facturas!$I$2:$I$301,Facturas!$B$2:$B$301,A5,Facturas!$J$2:$J$301,">0")>0,"vencido","activo"))
A6: Talleres Ondarra S.L. | B6: +34 656 789 012 | C6: facturas.ondarra@ejemplo.com | D6: =IF(A6="","",SUMIF(Facturas!$B$2:$B$301,A6,Facturas!$I$2:$I$301)) | E6: =IF(A6="","",IF(SUMIFS(Facturas!$I$2:$I$301,Facturas!$B$2:$B$301,A6,Facturas!$J$2:$J$301,">0")>0,"vencido","activo"))
D7: =IF(A7="","",SUMIF(Facturas!$B$2:$B$301,A7,Facturas!$I$2:$I$301)) | E7: =IF(A7="","",IF(SUMIFS(Facturas!$I$2:$I$301,Facturas!$B$2:$B$301,A7,Facturas!$J$2:$J$301,">0")>0,"vencido","activo"))
D8: =IF(A8="","",SUMIF(Facturas!$B$2:$B$301,A8,Facturas!$I$2:$I$301)) | E8: =IF(A8="","",IF(SUMIFS(Facturas!$I$2:$I$301,Facturas!$B$2:$B$301,A8,Facturas!$J$2:$J$301,">0")>0,"vencido","activo"))
D9: =IF(A9="","",SUMIF(Facturas!$B$2:$B$301,A9,Facturas!$I$2:$I$301)) | E9: =IF(A9="","",IF(SUMIFS(Facturas!$I$2:$I$301,Facturas!$B$2:$B$301,A9,Facturas!$J$2:$J$301,">0")>0,"vencido","activo"))
D10: =IF(A10="","",SUMIF(Facturas!$B$2:$B$301,A10,Facturas!$I$2:$I$301)) | E10: =IF(A10="","",IF(SUMIFS(Facturas!$I$2:$I$301,Facturas!$B$2:$B$301,A10,Facturas!$J$2:$J$301,">0")>0,"vencido","activo"))
D11: =IF(A11="","",SUMIF(Facturas!$B$2:$B$301,A11,Facturas!$I$2:$I$301)) | E11: =IF(A11="","",IF(SUMIFS(Facturas!$I$2:$I$301,Facturas!$B$2:$B$301,A11,Facturas!$J$2:$J$301,">0")>0,"vencido","activo"))
D12: =IF(A12="","",SUMIF(Facturas!$B$2:$B$301,A12,Facturas!$I$2:$I$301)) | E12: =IF(A12="","",IF(SUMIFS(Facturas!$I$2:$I$301,Facturas!$B$2:$B$301,A12,Facturas!$J$2:$J$301,">0")>0,"vencido","activo"))
D13: =IF(A13="","",SUMIF(Facturas!$B$2:$B$301,A13,Facturas!$I$2:$I$301)) | E13: =IF(A13="","",IF(SUMIFS(Facturas!$I$2:$I$301,Facturas!$B$2:$B$301,A13,Facturas!$J$2:$J$301,">0")>0,"vencido","activo"))
D14: =IF(A14="","",SUMIF(Facturas!$B$2:$B$301,A14,Facturas!$I$2:$I$301)) | E14: =IF(A14="","",IF(SUMIFS(Facturas!$I$2:$I$301,Facturas!$B$2:$B$301,A14,Facturas!$J$2:$J$301,">0")>0,"vencido","activo"))
D15: =IF(A15="","",SUMIF(Facturas!$B$2:$B$301,A15,Facturas!$I$2:$I$301)) | E15: =IF(A15="","",IF(SUMIFS(Facturas!$I$2:$I$301,Facturas!$B$2:$B$301,A15,Facturas!$J$2:$J$301,">0")>0,"vencido","activo"))
D16: =IF(A16="","",SUMIF(Facturas!$B$2:$B$301,A16,Facturas!$I$2:$I$301)) | E16: =IF(A16="","",IF(SUMIFS(Facturas!$I$2:$I$301,Facturas!$B$2:$B$301,A16,Facturas!$J$2:$J$301,">0")>0,"vencido","activo"))
D17: =IF(A17="","",SUMIF(Facturas!$B$2:$B$301,A17,Facturas!$I$2:$I$301)) | E17: =IF(A17="","",IF(SUMIFS(Facturas!$I$2:$I$301,Facturas!$B$2:$B$301,A17,Facturas!$J$2:$J$301,">0")>0,"vencido","activo"))
D18: =IF(A18="","",SUMIF(Facturas!$B$2:$B$301,A18,Facturas!$I$2:$I$301)) | E18: =IF(A18="","",IF(SUMIFS(Facturas!$I$2:$I$301,Facturas!$B$2:$B$301,A18,Facturas!$J$2:$J$301,">0")>0,"vencido","activo"))
... D101: =IF(A101="","",SUMIF(Facturas!$B$2:$B$301,A101,Facturas!$I$2:$I$301)) | E101: =IF(A101="","",IF(SUMIFS(Facturas!$I$2:$I$301,Facturas!$B$2:$B$301,A101,Facturas!$J$2:$J$301,">0")>0,"vencido","activo"))

Sheet Facturas
A1: factura_n | B1: cliente | C1: concepto | D1: fecha_de_emision | E1: dias_de_pago | F1: vencimiento | G1: importe_iva_incluido | H1: cobrado | I1: pendiente | J1: dias_de_retraso | K1: estado
A2: 2026/041 | B2: Reformas Ébano S.L. | C2: Mantenimiento web, julio | D2: 46204 | E2: 30 | F2: =IF(D2="","",D2+IF(E2="",Ajustes!$B$2,E2)) | G2: 1210 | H2: =IF(A2="","",SUMIF(Cobros!$B$2:$B$501,A2,Cobros!$C$2:$C$501)) | I2: =IF(A2="","",N(G2)-N(H2)) | J2: =IF(A2="","",IF(I2<=0,0,MAX(0,Ajustes!$B$1-F2))) | K2: =IF(A2="","",IF(I2<=0,"Cobrada",IF(J2>0,"Vencida",IF(H2>0,"Cobro parcial","Pendiente"))))
A3: 2026/044 | B3: Clínica Dental Arce | C3: Campaña de captación | D3: 46218 | E3: 60 | F3: =IF(D3="","",D3+IF(E3="",Ajustes!$B$2,E3)) | G3: 3630 | H3: =IF(A3="","",SUMIF(Cobros!$B$2:$B$501,A3,Cobros!$C$2:$C$501)) | I3: =IF(A3="","",N(G3)-N(H3)) | J3: =IF(A3="","",IF(I3<=0,0,MAX(0,Ajustes!$B$1-F3))) | K3: =IF(A3="","",IF(I3<=0,"Cobrada",IF(J3>0,"Vencida",IF(H3>0,"Cobro parcial","Pendiente"))))
A4: 2026/046 | B4: Lucía Prieto Gómez | C4: Asesoría de marca | D4: 46223 | E4: 30 | F4: =IF(D4="","",D4+IF(E4="",Ajustes!$B$2,E4)) | G4: 605 | H4: =IF(A4="","",SUMIF(Cobros!$B$2:$B$501,A4,Cobros!$C$2:$C$501)) | I4: =IF(A4="","",N(G4)-N(H4)) | J4: =IF(A4="","",IF(I4<=0,0,MAX(0,Ajustes!$B$1-F4))) | K4: =IF(A4="","",IF(I4<=0,"Cobrada",IF(J4>0,"Vencida",IF(H4>0,"Cobro parcial","Pendiente"))))
A5: 2026/048 | B5: Reformas Ébano S.L. | C5: Mantenimiento web, agosto | D5: 46235 | E5: 30 | F5: =IF(D5="","",D5+IF(E5="",Ajustes!$B$2,E5)) | G5: 1210 | H5: =IF(A5="","",SUMIF(Cobros!$B$2:$B$501,A5,Cobros!$C$2:$C$501)) | I5: =IF(A5="","",N(G5)-N(H5)) | J5: =IF(A5="","",IF(I5<=0,0,MAX(0,Ajustes!$B$1-F5))) | K5: =IF(A5="","",IF(I5<=0,"Cobrada",IF(J5>0,"Vencida",IF(H5>0,"Cobro parcial","Pendiente"))))
A6: 2026/050 | B6: Hostal Las Dunas | C6: Diseño de la carta | D6: 46239 | F6: =IF(D6="","",D6+IF(E6="",Ajustes!$B$2,E6)) | G6: 726 | H6: =IF(A6="","",SUMIF(Cobros!$B$2:$B$501,A6,Cobros!$C$2:$C$501)) | I6: =IF(A6="","",N(G6)-N(H6)) | J6: =IF(A6="","",IF(I6<=0,0,MAX(0,Ajustes!$B$1-F6))) | K6: =IF(A6="","",IF(I6<=0,"Cobrada",IF(J6>0,"Vencida",IF(H6>0,"Cobro parcial","Pendiente"))))
A7: 2026/053 | B7: Talleres Ondarra S.L. | C7: Catálogo de producto | D7: 46254 | E7: 60 | F7: =IF(D7="","",D7+IF(E7="",Ajustes!$B$2,E7)) | G7: 5445 | H7: =IF(A7="","",SUMIF(Cobros!$B$2:$B$501,A7,Cobros!$C$2:$C$501)) | I7: =IF(A7="","",N(G7)-N(H7)) | J7: =IF(A7="","",IF(I7<=0,0,MAX(0,Ajustes!$B$1-F7))) | K7: =IF(A7="","",IF(I7<=0,"Cobrada",IF(J7>0,"Vencida",IF(H7>0,"Cobro parcial","Pendiente"))))
A8: 2026/055 | B8: Reformas Ébano S.L. | C8: Mantenimiento web, septiembre | D8: 46266 | E8: 30 | F8: =IF(D8="","",D8+IF(E8="",Ajustes!$B$2,E8)) | G8: 1210 | H8: =IF(A8="","",SUMIF(Cobros!$B$2:$B$501,A8,Cobros!$C$2:$C$501)) | I8: =IF(A8="","",N(G8)-N(H8)) | J8: =IF(A8="","",IF(I8<=0,0,MAX(0,Ajustes!$B$1-F8))) | K8: =IF(A8="","",IF(I8<=0,"Cobrada",IF(J8>0,"Vencida",IF(H8>0,"Cobro parcial","Pendiente"))))
A9: 2026/058 | B9: Clínica Dental Arce | C9: Sesión de fotografía | D9: 46275 | E9: 60 | F9: =IF(D9="","",D9+IF(E9="",Ajustes!$B$2,E9)) | G9: 968 | H9: =IF(A9="","",SUMIF(Cobros!$B$2:$B$501,A9,Cobros!$C$2:$C$501)) | I9: =IF(A9="","",N(G9)-N(H9)) | J9: =IF(A9="","",IF(I9<=0,0,MAX(0,Ajustes!$B$1-F9))) | K9: =IF(A9="","",IF(I9<=0,"Cobrada",IF(J9>0,"Vencida",IF(H9>0,"Cobro parcial","Pendiente"))))
A10: 2026/059 | B10: Hostal Las Dunas | C10: Motor de reservas | D10: 46280 | F10: =IF(D10="","",D10+IF(E10="",Ajustes!$B$2,E10)) | G10: 2420 | H10: =IF(A10="","",SUMIF(Cobros!$B$2:$B$501,A10,Cobros!$C$2:$C$501)) | I10: =IF(A10="","",N(G10)-N(H10)) | J10: =IF(A10="","",IF(I10<=0,0,MAX(0,Ajustes!$B$1-F10))) | K10: =IF(A10="","",IF(I10<=0,"Cobrada",IF(J10>0,"Vencida",IF(H10>0,"Cobro parcial","Pendiente"))))
A11: 2026/062 | B11: Reformas Ébano S.L. | C11: Mantenimiento web, octubre | D11: 46296 | E11: 30 | F11: =IF(D11="","",D11+IF(E11="",Ajustes!$B$2,E11)) | G11: 1210 | H11: =IF(A11="","",SUMIF(Cobros!$B$2:$B$501,A11,Cobros!$C$2:$C$501)) | I11: =IF(A11="","",N(G11)-N(H11)) | J11: =IF(A11="","",IF(I11<=0,0,MAX(0,Ajustes!$B$1-F11))) | K11: =IF(A11="","",IF(I11<=0,"Cobrada",IF(J11>0,"Vencida",IF(H11>0,"Cobro parcial","Pendiente"))))
F12: =IF(D12="","",D12+IF(E12="",Ajustes!$B$2,E12)) | H12: =IF(A12="","",SUMIF(Cobros!$B$2:$B$501,A12,Cobros!$C$2:$C$501)) | I12: =IF(A12="","",N(G12)-N(H12)) | J12: =IF(A12="","",IF(I12<=0,0,MAX(0,Ajustes!$B$1-F12))) | K12: =IF(A12="","",IF(I12<=0,"Cobrada",IF(J12>0,"Vencida",IF(H12>0,"Cobro parcial","Pendiente"))))
F13: =IF(D13="","",D13+IF(E13="",Ajustes!$B$2,E13)) | H13: =IF(A13="","",SUMIF(Cobros!$B$2:$B$501,A13,Cobros!$C$2:$C$501)) | I13: =IF(A13="","",N(G13)-N(H13)) | J13: =IF(A13="","",IF(I13<=0,0,MAX(0,Ajustes!$B$1-F13))) | K13: =IF(A13="","",IF(I13<=0,"Cobrada",IF(J13>0,"Vencida",IF(H13>0,"Cobro parcial","Pendiente"))))
F14: =IF(D14="","",D14+IF(E14="",Ajustes!$B$2,E14)) | H14: =IF(A14="","",SUMIF(Cobros!$B$2:$B$501,A14,Cobros!$C$2:$C$501)) | I14: =IF(A14="","",N(G14)-N(H14)) | J14: =IF(A14="","",IF(I14<=0,0,MAX(0,Ajustes!$B$1-F14))) | K14: =IF(A14="","",IF(I14<=0,"Cobrada",IF(J14>0,"Vencida",IF(H14>0,"Cobro parcial","Pendiente"))))
F15: =IF(D15="","",D15+IF(E15="",Ajustes!$B$2,E15)) | H15: =IF(A15="","",SUMIF(Cobros!$B$2:$B$501,A15,Cobros!$C$2:$C$501)) | I15: =IF(A15="","",N(G15)-N(H15)) | J15: =IF(A15="","",IF(I15<=0,0,MAX(0,Ajustes!$B$1-F15))) | K15: =IF(A15="","",IF(I15<=0,"Cobrada",IF(J15>0,"Vencida",IF(H15>0,"Cobro parcial","Pendiente"))))
F16: =IF(D16="","",D16+IF(E16="",Ajustes!$B$2,E16)) | H16: =IF(A16="","",SUMIF(Cobros!$B$2:$B$501,A16,Cobros!$C$2:$C$501)) | I16: =IF(A16="","",N(G16)-N(H16)) | J16: =IF(A16="","",IF(I16<=0,0,MAX(0,Ajustes!$B$1-F16))) | K16: =IF(A16="","",IF(I16<=0,"Cobrada",IF(J16>0,"Vencida",IF(H16>0,"Cobro parcial","Pendiente"))))
F17: =IF(D17="","",D17+IF(E17="",Ajustes!$B$2,E17)) | H17: =IF(A17="","",SUMIF(Cobros!$B$2:$B$501,A17,Cobros!$C$2:$C$501)) | I17: =IF(A17="","",N(G17)-N(H17)) | J17: =IF(A17="","",IF(I17<=0,0,MAX(0,Ajustes!$B$1-F17))) | K17: =IF(A17="","",IF(I17<=0,"Cobrada",IF(J17>0,"Vencida",IF(H17>0,"Cobro parcial","Pendiente"))))
F18: =IF(D18="","",D18+IF(E18="",Ajustes!$B$2,E18)) | H18: =IF(A18="","",SUMIF(Cobros!$B$2:$B$501,A18,Cobros!$C$2:$C$501)) | I18: =IF(A18="","",N(G18)-N(H18)) | J18: =IF(A18="","",IF(I18<=0,0,MAX(0,Ajustes!$B$1-F18))) | K18: =IF(A18="","",IF(I18<=0,"Cobrada",IF(J18>0,"Vencida",IF(H18>0,"Cobro parcial","Pendiente"))))
F19: =IF(D19="","",D19+IF(E19="",Ajustes!$B$2,E19)) | H19: =IF(A19="","",SUMIF(Cobros!$B$2:$B$501,A19,Cobros!$C$2:$C$501)) | I19: =IF(A19="","",N(G19)-N(H19)) | J19: =IF(A19="","",IF(I19<=0,0,MAX(0,Ajustes!$B$1-F19))) | K19: =IF(A19="","",IF(I19<=0,"Cobrada",IF(J19>0,"Vencida",IF(H19>0,"Cobro parcial","Pendiente"))))
F20: =IF(D20="","",D20+IF(E20="",Ajustes!$B$2,E20)) | H20: =IF(A20="","",SUMIF(Cobros!$B$2:$B$501,A20,Cobros!$C$2:$C$501)) | I20: =IF(A20="","",N(G20)-N(H20)) | J20: =IF(A20="","",IF(I20<=0,0,MAX(0,Ajustes!$B$1-F20))) | K20: =IF(A20="","",IF(I20<=0,"Cobrada",IF(J20>0,"Vencida",IF(H20>0,"Cobro parcial","Pendiente"))))
F21: =IF(D21="","",D21+IF(E21="",Ajustes!$B$2,E21)) | H21: =IF(A21="","",SUMIF(Cobros!$B$2:$B$501,A21,Cobros!$C$2:$C$501)) | I21: =IF(A21="","",N(G21)-N(H21)) | J21: =IF(A21="","",IF(I21<=0,0,MAX(0,Ajustes!$B$1-F21))) | K21: =IF(A21="","",IF(I21<=0,"Cobrada",IF(J21>0,"Vencida",IF(H21>0,"Cobro parcial","Pendiente"))))
F22: =IF(D22="","",D22+IF(E22="",Ajustes!$B$2,E22)) | H22: =IF(A22="","",SUMIF(Cobros!$B$2:$B$501,A22,Cobros!$C$2:$C$501)) | I22: =IF(A22="","",N(G22)-N(H22)) | J22: =IF(A22="","",IF(I22<=0,0,MAX(0,Ajustes!$B$1-F22))) | K22: =IF(A22="","",IF(I22<=0,"Cobrada",IF(J22>0,"Vencida",IF(H22>0,"Cobro parcial","Pendiente"))))
F23: =IF(D23="","",D23+IF(E23="",Ajustes!$B$2,E23)) | H23: =IF(A23="","",SUMIF(Cobros!$B$2:$B$501,A23,Cobros!$C$2:$C$501)) | I23: =IF(A23="","",N(G23)-N(H23)) | J23: =IF(A23="","",IF(I23<=0,0,MAX(0,Ajustes!$B$1-F23))) | K23: =IF(A23="","",IF(I23<=0,"Cobrada",IF(J23>0,"Vencida",IF(H23>0,"Cobro parcial","Pendiente"))))
... F301: =IF(D301="","",D301+IF(E301="",Ajustes!$B$2,E301)) | H301: =IF(A301="","",SUMIF(Cobros!$B$2:$B$501,A301,Cobros!$C$2:$C$501)) | I301: =IF(A301="","",N(G301)-N(H301)) | J301: =IF(A301="","",IF(I301<=0,0,MAX(0,Ajustes!$B$1-F301))) | K301: =IF(A301="","",IF(I301<=0,"Cobrada",IF(J301>0,"Vencida",IF(H301>0,"Cobro parcial","Pendiente"))))

Sheet Cobros
A1: fecha_de_cobro | B1: factura_n | C1: importe | D1: forma_de_pago | E1: cliente | F1: nota
A2: 46233 | B2: 2026/041 | C2: 1210 | D2: transferencia | E2: =IF(B2="","",IFERROR(INDEX(Facturas!$B$2:$B$301,MATCH(B2,Facturas!$A$2:$A$301,0)),"factura no encontrada"))
A3: 46267 | B3: 2026/048 | C3: 1210 | D3: transferencia | E3: =IF(B3="","",IFERROR(INDEX(Facturas!$B$2:$B$301,MATCH(B3,Facturas!$A$2:$A$301,0)),"factura no encontrada"))
A4: 46277 | B4: 2026/044 | C4: 1815 | D4: transferencia | E4: =IF(B4="","",IFERROR(INDEX(Facturas!$B$2:$B$301,MATCH(B4,Facturas!$A$2:$A$301,0)),"factura no encontrada")) | F4: Primera mitad
A5: 46285 | B5: 2026/050 | C5: 726 | D5: Bizum | E5: =IF(B5="","",IFERROR(INDEX(Facturas!$B$2:$B$301,MATCH(B5,Facturas!$A$2:$A$301,0)),"factura no encontrada")) | F5: Pagada con 16 días de retraso
A6: 46300 | B6: 2026/053 | C6: 2000 | D6: transferencia | E6: =IF(B6="","",IFERROR(INDEX(Facturas!$B$2:$B$301,MATCH(B6,Facturas!$A$2:$A$301,0)),"factura no encontrada")) | F6: A cuenta
E7: =IF(B7="","",IFERROR(INDEX(Facturas!$B$2:$B$301,MATCH(B7,Facturas!$A$2:$A$301,0)),"factura no encontrada"))
E8: =IF(B8="","",IFERROR(INDEX(Facturas!$B$2:$B$301,MATCH(B8,Facturas!$A$2:$A$301,0)),"factura no encontrada"))
E9: =IF(B9="","",IFERROR(INDEX(Facturas!$B$2:$B$301,MATCH(B9,Facturas!$A$2:$A$301,0)),"factura no encontrada"))
E10: =IF(B10="","",IFERROR(INDEX(Facturas!$B$2:$B$301,MATCH(B10,Facturas!$A$2:$A$301,0)),"factura no encontrada"))
E11: =IF(B11="","",IFERROR(INDEX(Facturas!$B$2:$B$301,MATCH(B11,Facturas!$A$2:$A$301,0)),"factura no encontrada"))
E12: =IF(B12="","",IFERROR(INDEX(Facturas!$B$2:$B$301,MATCH(B12,Facturas!$A$2:$A$301,0)),"factura no encontrada"))
E13: =IF(B13="","",IFERROR(INDEX(Facturas!$B$2:$B$301,MATCH(B13,Facturas!$A$2:$A$301,0)),"factura no encontrada"))
E14: =IF(B14="","",IFERROR(INDEX(Facturas!$B$2:$B$301,MATCH(B14,Facturas!$A$2:$A$301,0)),"factura no encontrada"))
E15: =IF(B15="","",IFERROR(INDEX(Facturas!$B$2:$B$301,MATCH(B15,Facturas!$A$2:$A$301,0)),"factura no encontrada"))
E16: =IF(B16="","",IFERROR(INDEX(Facturas!$B$2:$B$301,MATCH(B16,Facturas!$A$2:$A$301,0)),"factura no encontrada"))
E17: =IF(B17="","",IFERROR(INDEX(Facturas!$B$2:$B$301,MATCH(B17,Facturas!$A$2:$A$301,0)),"factura no encontrada"))
E18: =IF(B18="","",IFERROR(INDEX(Facturas!$B$2:$B$301,MATCH(B18,Facturas!$A$2:$A$301,0)),"factura no encontrada"))
... E501: =IF(B501="","",IFERROR(INDEX(Facturas!$B$2:$B$301,MATCH(B501,Facturas!$A$2:$A$301,0)),"factura no encontrada"))

Sheet Por cliente
A1: Cliente | B1: Facturas | C1: Facturado | D1: Cobrado | E1: Pendiente | F1: Vencido | G1: Facturas vencidas | H1: % cobrado
A2: =IF(Clientes!A2="","",Clientes!A2) | B2: =IF(A2="","",COUNTIF(Facturas!$B$2:$B$301,A2)) | C2: =IF(A2="","",SUMIF(Facturas!$B$2:$B$301,A2,Facturas!$G$2:$G$301)) | D2: =IF(A2="","",SUMIF(Facturas!$B$2:$B$301,A2,Facturas!$H$2:$H$301)) | E2: =IF(A2="","",C2-D2) | F2: =IF(A2="","",SUMIFS(Facturas!$I$2:$I$301,Facturas!$B$2:$B$301,A2,Facturas!$J$2:$J$301,">0")) | G2: =IF(A2="","",COUNTIFS(Facturas!$B$2:$B$301,A2,Facturas!$J$2:$J$301,">0")) | H2: =IF(A2="","",IF(C2=0,0,D2/C2))
A3: =IF(Clientes!A3="","",Clientes!A3) | B3: =IF(A3="","",COUNTIF(Facturas!$B$2:$B$301,A3)) | C3: =IF(A3="","",SUMIF(Facturas!$B$2:$B$301,A3,Facturas!$G$2:$G$301)) | D3: =IF(A3="","",SUMIF(Facturas!$B$2:$B$301,A3,Facturas!$H$2:$H$301)) | E3: =IF(A3="","",C3-D3) | F3: =IF(A3="","",SUMIFS(Facturas!$I$2:$I$301,Facturas!$B$2:$B$301,A3,Facturas!$J$2:$J$301,">0")) | G3: =IF(A3="","",COUNTIFS(Facturas!$B$2:$B$301,A3,Facturas!$J$2:$J$301,">0")) | H3: =IF(A3="","",IF(C3=0,0,D3/C3))
A4: =IF(Clientes!A4="","",Clientes!A4) | B4: =IF(A4="","",COUNTIF(Facturas!$B$2:$B$301,A4)) | C4: =IF(A4="","",SUMIF(Facturas!$B$2:$B$301,A4,Facturas!$G$2:$G$301)) | D4: =IF(A4="","",SUMIF(Facturas!$B$2:$B$301,A4,Facturas!$H$2:$H$301)) | E4: =IF(A4="","",C4-D4) | F4: =IF(A4="","",SUMIFS(Facturas!$I$2:$I$301,Facturas!$B$2:$B$301,A4,Facturas!$J$2:$J$301,">0")) | G4: =IF(A4="","",COUNTIFS(Facturas!$B$2:$B$301,A4,Facturas!$J$2:$J$301,">0")) | H4: =IF(A4="","",IF(C4=0,0,D4/C4))
A5: =IF(Clientes!A5="","",Clientes!A5) | B5: =IF(A5="","",COUNTIF(Facturas!$B$2:$B$301,A5)) | C5: =IF(A5="","",SUMIF(Facturas!$B$2:$B$301,A5,Facturas!$G$2:$G$301)) | D5: =IF(A5="","",SUMIF(Facturas!$B$2:$B$301,A5,Facturas!$H$2:$H$301)) | E5: =IF(A5="","",C5-D5) | F5: =IF(A5="","",SUMIFS(Facturas!$I$2:$I$301,Facturas!$B$2:$B$301,A5,Facturas!$J$2:$J$301,">0")) | G5: =IF(A5="","",COUNTIFS(Facturas!$B$2:$B$301,A5,Facturas!$J$2:$J$301,">0")) | H5: =IF(A5="","",IF(C5=0,0,D5/C5))
A6: =IF(Clientes!A6="","",Clientes!A6) | B6: =IF(A6="","",COUNTIF(Facturas!$B$2:$B$301,A6)) | C6: =IF(A6="","",SUMIF(Facturas!$B$2:$B$301,A6,Facturas!$G$2:$G$301)) | D6: =IF(A6="","",SUMIF(Facturas!$B$2:$B$301,A6,Facturas!$H$2:$H$301)) | E6: =IF(A6="","",C6-D6) | F6: =IF(A6="","",SUMIFS(Facturas!$I$2:$I$301,Facturas!$B$2:$B$301,A6,Facturas!$J$2:$J$301,">0")) | G6: =IF(A6="","",COUNTIFS(Facturas!$B$2:$B$301,A6,Facturas!$J$2:$J$301,">0")) | H6: =IF(A6="","",IF(C6=0,0,D6/C6))
A7: =IF(Clientes!A7="","",Clientes!A7) | B7: =IF(A7="","",COUNTIF(Facturas!$B$2:$B$301,A7)) | C7: =IF(A7="","",SUMIF(Facturas!$B$2:$B$301,A7,Facturas!$G$2:$G$301)) | D7: =IF(A7="","",SUMIF(Facturas!$B$2:$B$301,A7,Facturas!$H$2:$H$301)) | E7: =IF(A7="","",C7-D7) | F7: =IF(A7="","",SUMIFS(Facturas!$I$2:$I$301,Facturas!$B$2:$B$301,A7,Facturas!$J$2:$J$301,">0")) | G7: =IF(A7="","",COUNTIFS(Facturas!$B$2:$B$301,A7,Facturas!$J$2:$J$301,">0")) | H7: =IF(A7="","",IF(C7=0,0,D7/C7))
A8: =IF(Clientes!A8="","",Clientes!A8) | B8: =IF(A8="","",COUNTIF(Facturas!$B$2:$B$301,A8)) | C8: =IF(A8="","",SUMIF(Facturas!$B$2:$B$301,A8,Facturas!$G$2:$G$301)) | D8: =IF(A8="","",SUMIF(Facturas!$B$2:$B$301,A8,Facturas!$H$2:$H$301)) | E8: =IF(A8="","",C8-D8) | F8: =IF(A8="","",SUMIFS(Facturas!$I$2:$I$301,Facturas!$B$2:$B$301,A8,Facturas!$J$2:$J$301,">0")) | G8: =IF(A8="","",COUNTIFS(Facturas!$B$2:$B$301,A8,Facturas!$J$2:$J$301,">0")) | H8: =IF(A8="","",IF(C8=0,0,D8/C8))
A9: =IF(Clientes!A9="","",Clientes!A9) | B9: =IF(A9="","",COUNTIF(Facturas!$B$2:$B$301,A9)) | C9: =IF(A9="","",SUMIF(Facturas!$B$2:$B$301,A9,Facturas!$G$2:$G$301)) | D9: =IF(A9="","",SUMIF(Facturas!$B$2:$B$301,A9,Facturas!$H$2:$H$301)) | E9: =IF(A9="","",C9-D9) | F9: =IF(A9="","",SUMIFS(Facturas!$I$2:$I$301,Facturas!$B$2:$B$301,A9,Facturas!$J$2:$J$301,">0")) | G9: =IF(A9="","",COUNTIFS(Facturas!$B$2:$B$301,A9,Facturas!$J$2:$J$301,">0")) | H9: =IF(A9="","",IF(C9=0,0,D9/C9))
A10: =IF(Clientes!A10="","",Clientes!A10) | B10: =IF(A10="","",COUNTIF(Facturas!$B$2:$B$301,A10)) | C10: =IF(A10="","",SUMIF(Facturas!$B$2:$B$301,A10,Facturas!$G$2:$G$301)) | D10: =IF(A10="","",SUMIF(Facturas!$B$2:$B$301,A10,Facturas!$H$2:$H$301)) | E10: =IF(A10="","",C10-D10) | F10: =IF(A10="","",SUMIFS(Facturas!$I$2:$I$301,Facturas!$B$2:$B$301,A10,Facturas!$J$2:$J$301,">0")) | G10: =IF(A10="","",COUNTIFS(Facturas!$B$2:$B$301,A10,Facturas!$J$2:$J$301,">0")) | H10: =IF(A10="","",IF(C10=0,0,D10/C10))
A11: =IF(Clientes!A11="","",Clientes!A11) | B11: =IF(A11="","",COUNTIF(Facturas!$B$2:$B$301,A11)) | C11: =IF(A11="","",SUMIF(Facturas!$B$2:$B$301,A11,Facturas!$G$2:$G$301)) | D11: =IF(A11="","",SUMIF(Facturas!$B$2:$B$301,A11,Facturas!$H$2:$H$301)) | E11: =IF(A11="","",C11-D11) | F11: =IF(A11="","",SUMIFS(Facturas!$I$2:$I$301,Facturas!$B$2:$B$301,A11,Facturas!$J$2:$J$301,">0")) | G11: =IF(A11="","",COUNTIFS(Facturas!$B$2:$B$301,A11,Facturas!$J$2:$J$301,">0")) | H11: =IF(A11="","",IF(C11=0,0,D11/C11))
A12: =IF(Clientes!A12="","",Clientes!A12) | B12: =IF(A12="","",COUNTIF(Facturas!$B$2:$B$301,A12)) | C12: =IF(A12="","",SUMIF(Facturas!$B$2:$B$301,A12,Facturas!$G$2:$G$301)) | D12: =IF(A12="","",SUMIF(Facturas!$B$2:$B$301,A12,Facturas!$H$2:$H$301)) | E12: =IF(A12="","",C12-D12) | F12: =IF(A12="","",SUMIFS(Facturas!$I$2:$I$301,Facturas!$B$2:$B$301,A12,Facturas!$J$2:$J$301,">0")) | G12: =IF(A12="","",COUNTIFS(Facturas!$B$2:$B$301,A12,Facturas!$J$2:$J$301,">0")) | H12: =IF(A12="","",IF(C12=0,0,D12/C12))
A13: =IF(Clientes!A13="","",Clientes!A13) | B13: =IF(A13="","",COUNTIF(Facturas!$B$2:$B$301,A13)) | C13: =IF(A13="","",SUMIF(Facturas!$B$2:$B$301,A13,Facturas!$G$2:$G$301)) | D13: =IF(A13="","",SUMIF(Facturas!$B$2:$B$301,A13,Facturas!$H$2:$H$301)) | E13: =IF(A13="","",C13-D13) | F13: =IF(A13="","",SUMIFS(Facturas!$I$2:$I$301,Facturas!$B$2:$B$301,A13,Facturas!$J$2:$J$301,">0")) | G13: =IF(A13="","",COUNTIFS(Facturas!$B$2:$B$301,A13,Facturas!$J$2:$J$301,">0")) | H13: =IF(A13="","",IF(C13=0,0,D13/C13))
... A101: =IF(Clientes!A101="","",Clientes!A101) | B101: =IF(A101="","",COUNTIF(Facturas!$B$2:$B$301,A101)) | C101: =IF(A101="","",SUMIF(Facturas!$B$2:$B$301,A101,Facturas!$G$2:$G$301)) | D101: =IF(A101="","",SUMIF(Facturas!$B$2:$B$301,A101,Facturas!$H$2:$H$301)) | E101: =IF(A101="","",C101-D101) | F101: =IF(A101="","",SUMIFS(Facturas!$I$2:$I$301,Facturas!$B$2:$B$301,A101,Facturas!$J$2:$J$301,">0")) | G101: =IF(A101="","",COUNTIFS(Facturas!$B$2:$B$301,A101,Facturas!$J$2:$J$301,">0")) | H101: =IF(A101="","",IF(C101=0,0,D101/C101))
A103: Total | B103: =SUM(B2:B101) | C103: =SUM(C2:C101) | D103: =SUM(D2:D101) | E103: =SUM(E2:E101) | F103: =SUM(F2:F101) | G103: =SUM(G2:G101) | H103: =IF(C103=0,0,D103/C103)

Sheet Por mes
A1: Mes | B1: Facturado en el mes | C1: Vence en el mes | D1: Cobrado en el mes | E1: Pendiente de lo facturado | F1: Vencido sin cobrar (por mes de vencimiento)
A2: =DATE(Ajustes!$B$3,1,1) | B2: =SUMIFS(Facturas!$G$2:$G$301,Facturas!$D$2:$D$301,">="&A2,Facturas!$D$2:$D$301,"<="&EOMONTH(A2,0)) | C2: =SUMIFS(Facturas!$G$2:$G$301,Facturas!$F$2:$F$301,">="&A2,Facturas!$F$2:$F$301,"<="&EOMONTH(A2,0)) | D2: =SUMIFS(Cobros!$C$2:$C$501,Cobros!$A$2:$A$501,">="&A2,Cobros!$A$2:$A$501,"<="&EOMONTH(A2,0)) | E2: =SUMIFS(Facturas!$I$2:$I$301,Facturas!$D$2:$D$301,">="&A2,Facturas!$D$2:$D$301,"<="&EOMONTH(A2,0)) | F2: =SUMIFS(Facturas!$I$2:$I$301,Facturas!$F$2:$F$301,">="&A2,Facturas!$F$2:$F$301,"<="&EOMONTH(A2,0),Facturas!$J$2:$J$301,">0")
A3: =DATE(Ajustes!$B$3,2,1) | B3: =SUMIFS(Facturas!$G$2:$G$301,Facturas!$D$2:$D$301,">="&A3,Facturas!$D$2:$D$301,"<="&EOMONTH(A3,0)) | C3: =SUMIFS(Facturas!$G$2:$G$301,Facturas!$F$2:$F$301,">="&A3,Facturas!$F$2:$F$301,"<="&EOMONTH(A3,0)) | D3: =SUMIFS(Cobros!$C$2:$C$501,Cobros!$A$2:$A$501,">="&A3,Cobros!$A$2:$A$501,"<="&EOMONTH(A3,0)) | E3: =SUMIFS(Facturas!$I$2:$I$301,Facturas!$D$2:$D$301,">="&A3,Facturas!$D$2:$D$301,"<="&EOMONTH(A3,0)) | F3: =SUMIFS(Facturas!$I$2:$I$301,Facturas!$F$2:$F$301,">="&A3,Facturas!$F$2:$F$301,"<="&EOMONTH(A3,0),Facturas!$J$2:$J$301,">0")
A4: =DATE(Ajustes!$B$3,3,1) | B4: =SUMIFS(Facturas!$G$2:$G$301,Facturas!$D$2:$D$301,">="&A4,Facturas!$D$2:$D$301,"<="&EOMONTH(A4,0)) | C4: =SUMIFS(Facturas!$G$2:$G$301,Facturas!$F$2:$F$301,">="&A4,Facturas!$F$2:$F$301,"<="&EOMONTH(A4,0)) | D4: =SUMIFS(Cobros!$C$2:$C$501,Cobros!$A$2:$A$501,">="&A4,Cobros!$A$2:$A$501,"<="&EOMONTH(A4,0)) | E4: =SUMIFS(Facturas!$I$2:$I$301,Facturas!$D$2:$D$301,">="&A4,Facturas!$D$2:$D$301,"<="&EOMONTH(A4,0)) | F4: =SUMIFS(Facturas!$I$2:$I$301,Facturas!$F$2:$F$301,">="&A4,Facturas!$F$2:$F$301,"<="&EOMONTH(A4,0),Facturas!$J$2:$J$301,">0")
A5: =DATE(Ajustes!$B$3,4,1) | B5: =SUMIFS(Facturas!$G$2:$G$301,Facturas!$D$2:$D$301,">="&A5,Facturas!$D$2:$D$301,"<="&EOMONTH(A5,0)) | C5: =SUMIFS(Facturas!$G$2:$G$301,Facturas!$F$2:$F$301,">="&A5,Facturas!$F$2:$F$301,"<="&EOMONTH(A5,0)) | D5: =SUMIFS(Cobros!$C$2:$C$501,Cobros!$A$2:$A$501,">="&A5,Cobros!$A$2:$A$501,"<="&EOMONTH(A5,0)) | E5: =SUMIFS(Facturas!$I$2:$I$301,Facturas!$D$2:$D$301,">="&A5,Facturas!$D$2:$D$301,"<="&EOMONTH(A5,0)) | F5: =SUMIFS(Facturas!$I$2:$I$301,Facturas!$F$2:$F$301,">="&A5,Facturas!$F$2:$F$301,"<="&EOMONTH(A5,0),Facturas!$J$2:$J$301,">0")
A6: =DATE(Ajustes!$B$3,5,1) | B6: =SUMIFS(Facturas!$G$2:$G$301,Facturas!$D$2:$D$301,">="&A6,Facturas!$D$2:$D$301,"<="&EOMONTH(A6,0)) | C6: =SUMIFS(Facturas!$G$2:$G$301,Facturas!$F$2:$F$301,">="&A6,Facturas!$F$2:$F$301,"<="&EOMONTH(A6,0)) | D6: =SUMIFS(Cobros!$C$2:$C$501,Cobros!$A$2:$A$501,">="&A6,Cobros!$A$2:$A$501,"<="&EOMONTH(A6,0)) | E6: =SUMIFS(Facturas!$I$2:$I$301,Facturas!$D$2:$D$301,">="&A6,Facturas!$D$2:$D$301,"<="&EOMONTH(A6,0)) | F6: =SUMIFS(Facturas!$I$2:$I$301,Facturas!$F$2:$F$301,">="&A6,Facturas!$F$2:$F$301,"<="&EOMONTH(A6,0),Facturas!$J$2:$J$301,">0")
A7: =DATE(Ajustes!$B$3,6,1) | B7: =SUMIFS(Facturas!$G$2:$G$301,Facturas!$D$2:$D$301,">="&A7,Facturas!$D$2:$D$301,"<="&EOMONTH(A7,0)) | C7: =SUMIFS(Facturas!$G$2:$G$301,Facturas!$F$2:$F$301,">="&A7,Facturas!$F$2:$F$301,"<="&EOMONTH(A7,0)) | D7: =SUMIFS(Cobros!$C$2:$C$501,Cobros!$A$2:$A$501,">="&A7,Cobros!$A$2:$A$501,"<="&EOMONTH(A7,0)) | E7: =SUMIFS(Facturas!$I$2:$I$301,Facturas!$D$2:$D$301,">="&A7,Facturas!$D$2:$D$301,"<="&EOMONTH(A7,0)) | F7: =SUMIFS(Facturas!$I$2:$I$301,Facturas!$F$2:$F$301,">="&A7,Facturas!$F$2:$F$301,"<="&EOMONTH(A7,0),Facturas!$J$2:$J$301,">0")
A8: =DATE(Ajustes!$B$3,7,1) | B8: =SUMIFS(Facturas!$G$2:$G$301,Facturas!$D$2:$D$301,">="&A8,Facturas!$D$2:$D$301,"<="&EOMONTH(A8,0)) | C8: =SUMIFS(Facturas!$G$2:$G$301,Facturas!$F$2:$F$301,">="&A8,Facturas!$F$2:$F$301,"<="&EOMONTH(A8,0)) | D8: =SUMIFS(Cobros!$C$2:$C$501,Cobros!$A$2:$A$501,">="&A8,Cobros!$A$2:$A$501,"<="&EOMONTH(A8,0)) | E8: =SUMIFS(Facturas!$I$2:$I$301,Facturas!$D$2:$D$301,">="&A8,Facturas!$D$2:$D$301,"<="&EOMONTH(A8,0)) | F8: =SUMIFS(Facturas!$I$2:$I$301,Facturas!$F$2:$F$301,">="&A8,Facturas!$F$2:$F$301,"<="&EOMONTH(A8,0),Facturas!$J$2:$J$301,">0")
A9: =DATE(Ajustes!$B$3,8,1) | B9: =SUMIFS(Facturas!$G$2:$G$301,Facturas!$D$2:$D$301,">="&A9,Facturas!$D$2:$D$301,"<="&EOMONTH(A9,0)) | C9: =SUMIFS(Facturas!$G$2:$G$301,Facturas!$F$2:$F$301,">="&A9,Facturas!$F$2:$F$301,"<="&EOMONTH(A9,0)) | D9: =SUMIFS(Cobros!$C$2:$C$501,Cobros!$A$2:$A$501,">="&A9,Cobros!$A$2:$A$501,"<="&EOMONTH(A9,0)) | E9: =SUMIFS(Facturas!$I$2:$I$301,Facturas!$D$2:$D$301,">="&A9,Facturas!$D$2:$D$301,"<="&EOMONTH(A9,0)) | F9: =SUMIFS(Facturas!$I$2:$I$301,Facturas!$F$2:$F$301,">="&A9,Facturas!$F$2:$F$301,"<="&EOMONTH(A9,0),Facturas!$J$2:$J$301,">0")
A10: =DATE(Ajustes!$B$3,9,1) | B10: =SUMIFS(Facturas!$G$2:$G$301,Facturas!$D$2:$D$301,">="&A10,Facturas!$D$2:$D$301,"<="&EOMONTH(A10,0)) | C10: =SUMIFS(Facturas!$G$2:$G$301,Facturas!$F$2:$F$301,">="&A10,Facturas!$F$2:$F$301,"<="&EOMONTH(A10,0)) | D10: =SUMIFS(Cobros!$C$2:$C$501,Cobros!$A$2:$A$501,">="&A10,Cobros!$A$2:$A$501,"<="&EOMONTH(A10,0)) | E10: =SUMIFS(Facturas!$I$2:$I$301,Facturas!$D$2:$D$301,">="&A10,Facturas!$D$2:$D$301,"<="&EOMONTH(A10,0)) | F10: =SUMIFS(Facturas!$I$2:$I$301,Facturas!$F$2:$F$301,">="&A10,Facturas!$F$2:$F$301,"<="&EOMONTH(A10,0),Facturas!$J$2:$J$301,">0")
A11: =DATE(Ajustes!$B$3,10,1) | B11: =SUMIFS(Facturas!$G$2:$G$301,Facturas!$D$2:$D$301,">="&A11,Facturas!$D$2:$D$301,"<="&EOMONTH(A11,0)) | C11: =SUMIFS(Facturas!$G$2:$G$301,Facturas!$F$2:$F$301,">="&A11,Facturas!$F$2:$F$301,"<="&EOMONTH(A11,0)) | D11: =SUMIFS(Cobros!$C$2:$C$501,Cobros!$A$2:$A$501,">="&A11,Cobros!$A$2:$A$501,"<="&EOMONTH(A11,0)) | E11: =SUMIFS(Facturas!$I$2:$I$301,Facturas!$D$2:$D$301,">="&A11,Facturas!$D$2:$D$301,"<="&EOMONTH(A11,0)) | F11: =SUMIFS(Facturas!$I$2:$I$301,Facturas!$F$2:$F$301,">="&A11,Facturas!$F$2:$F$301,"<="&EOMONTH(A11,0),Facturas!$J$2:$J$301,">0")
A12: =DATE(Ajustes!$B$3,11,1) | B12: =SUMIFS(Facturas!$G$2:$G$301,Facturas!$D$2:$D$301,">="&A12,Facturas!$D$2:$D$301,"<="&EOMONTH(A12,0)) | C12: =SUMIFS(Facturas!$G$2:$G$301,Facturas!$F$2:$F$301,">="&A12,Facturas!$F$2:$F$301,"<="&EOMONTH(A12,0)) | D12: =SUMIFS(Cobros!$C$2:$C$501,Cobros!$A$2:$A$501,">="&A12,Cobros!$A$2:$A$501,"<="&EOMONTH(A12,0)) | E12: =SUMIFS(Facturas!$I$2:$I$301,Facturas!$D$2:$D$301,">="&A12,Facturas!$D$2:$D$301,"<="&EOMONTH(A12,0)) | F12: =SUMIFS(Facturas!$I$2:$I$301,Facturas!$F$2:$F$301,">="&A12,Facturas!$F$2:$F$301,"<="&EOMONTH(A12,0),Facturas!$J$2:$J$301,">0")
A13: =DATE(Ajustes!$B$3,12,1) | B13: =SUMIFS(Facturas!$G$2:$G$301,Facturas!$D$2:$D$301,">="&A13,Facturas!$D$2:$D$301,"<="&EOMONTH(A13,0)) | C13: =SUMIFS(Facturas!$G$2:$G$301,Facturas!$F$2:$F$301,">="&A13,Facturas!$F$2:$F$301,"<="&EOMONTH(A13,0)) | D13: =SUMIFS(Cobros!$C$2:$C$501,Cobros!$A$2:$A$501,">="&A13,Cobros!$A$2:$A$501,"<="&EOMONTH(A13,0)) | E13: =SUMIFS(Facturas!$I$2:$I$301,Facturas!$D$2:$D$301,">="&A13,Facturas!$D$2:$D$301,"<="&EOMONTH(A13,0)) | F13: =SUMIFS(Facturas!$I$2:$I$301,Facturas!$F$2:$F$301,">="&A13,Facturas!$F$2:$F$301,"<="&EOMONTH(A13,0),Facturas!$J$2:$J$301,">0")
A15: Total del año | B15: =SUM(B2:B13) | C15: =SUM(C2:C13) | D15: =SUM(D2:D13) | E15: =SUM(E2:E13) | F15: =SUM(F2:F13)

Sheet Ajustes
A1: Fecha de corte | B1: =TODAY() | C1: Es hoy. Escribe otra fecha para revisar un corte pasado.
A2: Días de pago por defecto | B2: 30 | C2: 30 o 60. Se usa cuando la factura no trae sus días. Entre empresas, la Ley 3/2004 (art. 4) fija 30 días naturales si no se pactó plazo y no permite pactar más de 60.
A3: Año del resumen por mes | B3: 2026 | C3: Cambia el año y la pestaña «Por mes» se recalcula.

Sheet Cómo se usa
A1: Cómo se usa esta hoja
A3: Control de cobros a clientes, en euros. Cinco pestañas de trabajo:
A4: Clientes — una fila por cliente. Saldo y estatus se calculan solos desde Facturas.
A5: Facturas — una fila por factura: número, cliente (escrito igual que en Clientes), fecha de emisión e
A6: importe con IVA. Si dejas en blanco los días de pago se usan los de Ajustes (30 o 60).
A7: Cobros — una fila por cada cobro, con la factura a la que se aplica. Un cobro parcial es una fila;
A8: el segundo pago, otra. Así «cobrado» y «pendiente» de cada factura se calculan sin tocarlos.
A9: Por cliente — facturado, cobrado, pendiente y vencido de cada cliente.
A10: Por mes — lo facturado, lo que vence, lo cobrado y lo que quedó sin cobrar en cada mes del año.
A12: Estado de la factura: Cobrada, Pendiente (no ha vencido), Cobro parcial (no ha vencido y ya hay un
A13: pago a cuenta) o Vencida (pasó el vencimiento con importe pendiente). Los días de retraso cuentan
A14: desde el vencimiento hasta la fecha de corte.
... A20: Makatea recuerda, registra y comunica. No mueve dinero.
